 Dungeon Crawl Stone Soup version 0.17-a0-1181-gabc46e6 (webtiles) character file.

13775 Fluffy the Fighter (level 11, -3/92 HPs)
             Began as a Demonspawn Gladiator on May 31, 2015.
             Was a High Priest of Okawaru.
             Slain by a polar bear (10 damage)
             ... in an ice cave.
             The game lasted 00:42:03 (13717 turns).

Fluffy the Fighter (Demonspawn Gladiator)          Turns: 13717, Time: 00:42:04

Health: -3/92      AC: 19    Str: 18    XL:     11   Next: 80%
Magic:  16/18      EV: 15    Int:  9    God:    Okawaru [*****.]
Gold:   384        SH:  0    Dex: 19    Spells: 0 memorised, 10 levels left

rFire  . . .     SeeInvis .     G - +2 long sword (curse)
rCold  + . .     Clarity  .     M - +1 scale mail {rC+}
rNeg   . . .     SustAt   .     (no shield)
rPois  +         Gourm    .     (helmet unavailable)
rElec  .         Spirit   .     u - +2 cloak {rPois}
rCorr  .         Warding  .     a - +0 pair of gloves
rMut   .         Stasis   .     (no boots)
MR     .....                    H - amulet of regeneration
Stlth  ++........               (no ring)
                                x - +4 ring of dexterity

@: heroism, not resistant to hostile enchantments, unstealthy
A: horns 3, molten scales 2
a: Heroism, Finesse, Renounce Religion


You were in an ice cave.
You worshipped Okawaru.
Okawaru was extremely pleased with you.
You were not hungry.

You visited 2 branches of the dungeon, and saw 12 of its levels.
You also visited: Ice Cave.

You collected 714 gold pieces.
You spent 330 gold pieces at shops.

Inventory:

Hand weapons
 F - a +1 triple crossbow of evasion
 G - a cursed +2 long sword (weapon)
 K - a +0 falchion of electrocution
Missiles
 d - 3 throwing nets (quivered)
Armour
 a - a +0 pair of gloves (worn)
 l - a +0 plate armour
 u - a +2 cloak of poison resistance (worn)
 M - a +1 scale mail of cold resistance (worn)
Jewellery
 x - a +4 ring of dexterity (left hand)
 H - an amulet of regeneration (around neck)
Magical devices
 b - a wand of disintegration (7)
 r - a wand of digging (24)
 w - a wand of lightning (9)
 B - a wand of cold (5)
 C - a wand of enslavement (5)
 J - a wand of magic darts (21)
Scrolls
 f - a scroll of magic mapping
 g - 3 scrolls of enchant armour
 i - 3 scrolls of teleportation
 p - 3 scrolls of fear
 q - 2 scrolls of remove curse
 s - a scroll of recharging
 y - a scroll of fog
 D - 3 scrolls of identify
 E - a scroll of enchant weapon
Potions
 c - 3 potions of cure mutation
 h - 3 potions of might
 k - a potion of agility
 m - 5 potions of curing
 o - 2 potions of haste
 v - 4 potions of brilliance
 z - 4 potions of berserk rage
 A - a potion of cancellation
Comestibles
 e - 5 bread rations
 j - 6 meat rations
 n - 2 beef jerkies
 t - 2 slices of pizza
 I - a royal jelly
 L - a chunk of flesh


   Skills:
 + Level 10.4(15.4) Fighting
 + Level 9.7(14.7) Long Blades
 - Level 1.7(6.7) Throwing
 + Level 9.3(14.3) Armour
 - Level 3.1(8.1) Dodging
 - Level 10.0 Invocations


You had 10 spell levels left.
You didn't know any spells.

Dungeon Overview and Level Annotations

Branches:
Dungeon (10/15)            Temple (0/1) D:4            Lair (0/8) D:8
    Orc (2/4) D:10

Altars:
Ashenzari
Okawaru
Qazlal
Ru
Trog
Vehumet
Yredelemnul
Zin
The Shining One

Shops:
D:5 *=:   D:6 =   D:8 %:


Innate Abilities, Weirdness & Mutations

You have a pair of large horns on your head.
You are mostly covered in molten scales (AC +3, EV -1).


Message History

* * * LOW HITPOINT WARNING * * *
A polar bear comes into view.
The polar bear growls angrily.
You hit the yak. Your headbutt misses the yak.
The yak is lightly wounded.
The yak barely misses you.
You slash the yak! You headbutt the yak!
The yak is heavily wounded.
Use which ability? (? or * to list)
You gain the combat prowess of a mighty hero.
You feel slightly more hungry. The yak barely misses you.
The polar bear bites you but does no damage.
The polar bear claws you but does no damage.
The polar bear completely misses you.
You hit the polar bear.
The polar bear is lightly wounded.
The yak gores you.
* * * LOW HITPOINT WARNING * * *
The polar bear bites you!
You die...

#### ##..## #
###....##
....##Y......#
#..h.h@.∩.∩.#
##...h......#
##..##....##
### ##..##
####


You could see 3 polar bears and a yak.

Vanquished Creatures
  Erolcha (D:8)
  A flayed ghost (D:9)
  2 hill giants (D:10)
  Pikel (D:6)
  An orc sorcerer (Orc:2)
  A gargoyle (D:10)
  A polar bear (IceCv)
  A troll (D:9)
  Grinder (D:4)
  A shadow (D:9)
  4 wraiths (D:9)
  12 yaks
  A hippogriff (D:8)
  4 fire bats (D:9)
  Menkaure (D:5)
  5 wolves (IceCv)
  A hungry ghost (D:9)
  Duvessa (D:5)
  2 black bears
  A sky beast (D:9)
  4 slaves (D:6)
  5 orc warriors
  2 ice beasts
  A porcupine (D:8)
  5 ogres
  2 phantoms
  4 centaurs
  A crocodile (D:8)
  Blork the orc (D:5)
  A big kobold (D:9)
  9 giant frogs
  A wyvern zombie (D:9)
  2 scorpions
  Dowan (D:5)
  4 killer bees (D:7)
  9 wights
  3 jellies
  A giant frog zombie (D:9)
  A quasit (D:6)
  3 crimson imps
  Crazy Yiuf (D:5)
  Ijyb (D:2)
  4 hounds
  10 orc priests
  A giant frog skeleton (D:4)
  17 orc wizards
  5 worker ants
  Jessica (D:2)
  A centaur skeleton (D:5)
  4 iguanas
  9 sheep (D:8)
  3 hound skeletons
  10 adders
  3 gnolls (D:4)
  2 worker ant zombies
  5 river rats (D:8)
  2 shadow imps
  11 white imps (Orc:2)
  An ooze (D:2)
  An adder skeleton (D:4)
  4 worms
  7 giant geckos
  52 orcs
  2 ball pythons
  19 bats
  A bat zombie (D:6)
  7 giant cockroaches
  22 goblins
  7 hobgoblins
  8 jackals
  15 kobolds
  A giant gecko skeleton (D:4)
  8 giant newts
  4 quokkas
  A quokka zombie (D:9)
  17 rats
370 creatures vanquished.

Vanquished Creatures (others)
  6 plants (D:8)
6 creatures vanquished.

Grand Total: 376 creatures vanquished

Notes
Turn   | Place    | Note
--------------------------------------------------------------
     0 | D:1      | Fluffy the Demonspawn Gladiator began the quest for the Orb.
     0 | D:1      | Reached XP level 1. HP: 16/16 MP: 1/1
   218 | D:1      | Reached skill level 3 in Dodging
   225 | D:1      | Gained mutation: You are partially covered in molten scales (AC +1). [demonic ancestry]
   225 | D:1      | Reached XP level 2. HP: 22/22 MP: 2/2
   945 | D:2      | Noticed Ijyb
  1002 | D:2      | Killed Ijyb
  1002 | D:2      | Reached skill level 1 in Armour
  1002 | D:2      | Gained mutation: You are mostly covered in molten scales (AC +3, EV -1). [demonic ancestry]
  1002 | D:2      | Reached XP level 3. HP: 19/28 MP: 3/3
  1143 | D:2      | Reached XP level 4. HP: 20/34 MP: 4/4
  1428 | D:2      | Found a basalt altar of Yredelemnul.
  1532 | D:2      | Found an iron altar of Okawaru.
  1550 | D:2      | Became a worshipper of Warmaster Okawaru
  1649 | D:2      | Noticed Jessica
  1657 | D:2      | Killed Jessica
  1657 | D:2      | Reached skill level 1 in Invocations
  2116 | D:3      | Reached XP level 5. HP: 12/41 MP: 6/6
  2754 | D:3      | Noticed an orc warrior
  3284 | D:4      | Noticed an ogre
  3288 | D:4      | Killed an ogre
  3288 | D:4      | Reached skill level 4 in Long Blades
  3288 | D:4      | Gained mutation: You have a pair of small horns on your head. [demonic ancestry]
  3288 | D:4      | Reached XP level 6. HP: 47/47 MP: 6/8
  3346 | D:4      | Acquired Okawaru's first power
  3361 | D:4      | Noticed Grinder
  3392 | D:4      | Killed Grinder
  3392 | D:4      | Gained mutation: You have a pair of horns on your head. [demonic ancestry]
  3392 | D:4      | Reached XP level 7. HP: 39/54 MP: 9/9
  3558 | D:4      | Found a staircase to the Ecumenical Temple.
  4317 | D:5      | Entered Level 5 of the Dungeon
  4423 | D:5      | Noticed Blork the orc
  4430 | D:5      | Killed Blork the orc
  4430 | D:5      | Reached skill level 5 in Long Blades
  4430 | D:5      | Reached skill level 5 in Invocations
  4535 | D:5      | Found Hupsistri's Book Boutique.
  4664 | D:5      | Noticed Dowan
  4673 | D:5      | Killed Dowan
  4673 | D:5      | Reached XP level 8. HP: 48/61 MP: 8/11
  4717 | D:5      | Found Laong's Jewellery Shop.
  4807 | D:5      | Noticed Duvessa
  4816 | D:5      | Killed Duvessa
  4816 | D:5      | Reached skill level 5 in Fighting
  4824 | D:5      | Noticed Menkaure
  4829 | D:5      | Killed Menkaure
  4937 | D:5      | Found Raha's General Store.
  4954 | D:5      | Reached skill level 6 in Invocations
  5162 | D:6      | Noticed Pikel
  5162 | D:6      | Paralysed by Pikel for 4 turns
  5188 | D:5      | Noticed Crazy Yiuf
  5201 | D:5      | Killed Crazy Yiuf
  5714 | D:6      | Reached skill level 5 in Armour
  5865 | D:6      | Found Qeadghye's Jewellery Boutique.
  5950 | D:6      | Reached skill level 7 in Invocations
  6077 | D:6      | Gained mutation: You have a pair of large horns on your head. [demonic ancestry]
  6077 | D:6      | Reached XP level 9. HP: 67/69 MP: 14/14
  6289 | D:6      | Paralysed by Pikel for 5 turns
  6304 | D:6      | Killed Pikel
  6304 | D:6      | Reached skill level 8 in Invocations
  7496 | D:8      | Found Niqin's Book Boutique.
  7526 | D:8      | Reached skill level 9 in Invocations
  7732 | D:8      | Found a staircase to the Lair.
  7794 | D:8      | Noticed Erolcha
  7810 | D:8      | Killed Erolcha
  7810 | D:8      | Acquired Okawaru's second power
  7810 | D:8      | Reached XP level 10. HP: 7/80 MP: 13/17
  8974 | D:8      | Found Ziusets's Food Emporium.
  9064 | D:8      | Received a gift from Okawaru
  9262 | D:9      | Reached skill level 10 in Invocations
 10073 | D:9      | Found a stormy altar of Qazlal.
 10073 | D:9      | Found a glowing silver altar of Zin.
 10561 | D:9      | Found a runed door.
 10744 | D:9      | Found a glowing golden altar of the Shining One.
 10758 | D:9      | Found a shattered altar of Ashenzari.
 10819 | D:9      | Found a basalt altar of Yredelemnul.
 10945 | D:9      | Found a radiant altar of Vehumet.
 10961 | D:9      | Found a bloodstained altar of Trog.
 10964 | D:9      | Reached XP level 11. HP: 61/89 MP: 18/18
 11228 | D:9      | Found a sacrificial altar of Ru.
 11302 | D:9      | Noticed a flayed ghost
 11308 | D:9      | Killed a flayed ghost
 11310 | D:9      | Received a gift from Okawaru
 11319 | D:9      | Identified the Handbook of Mutagenic Venom
 11355 | D:10     | Entered Level 10 of the Dungeon
 11508 | D:10     | Noticed a hill giant
 11528 | D:10     | Killed a hill giant
 11925 | D:10     | Found a staircase to the Orcish Mines.
 12059 | D:10     | Noticed a hill giant
 12068 | D:10     | Killed a hill giant
 12807 | D:10     | Reached skill level 10 in Fighting
 13124 | D:6      | Bought an uncursed amulet of regeneration for 330 gold pieces
 13364 | Orc:1    | Entered Level 1 of the Orcish Mines
 13520 | Orc:2    | Paralysed by an orc sorcerer for 6 turns
 13525 | Orc:2    | Noticed an ice devil
 13618 | Orc:2    | Found a frozen archway.
 13681 | IceCv    | Entered an ice cave
 13717 | IceCv    | Slain by a polar bear

Vault maps used:
D:1:      saegor_arrival_simple_d, minmay_surrounded
D:2:      kennysheep_the_goblin_king, nicolae_overflow_hidden_temple,
          okawaru_trees_2, uniq_jessica
D:3:      first_bread, serial_bayou_pond_c
D:4:      minmay_temple_entry_statues_fountains, uniq_grinder
D:5:      serial_shops, shop, shop_fountains, kennysheep_mini,
          uniq_crazy_yiuf_cottage, uniq_menkaure, uniq_duvessa,
          uniq_blork_the_orc
D:6:      serial_shops, shop, minivault_23, kennysheep_generic_room_9,
          uniq_pikel
D:7:      lemuel_upstairs_altar, glass_columns_a, kennysheep_diamond
D:8:      minmay_lair_entry_grove, serial_shops, kennysheep_little_box,
          nicolae_shop_crystal, kennysheep_generic_room_8, uniq_erolcha
D:9:      due_megacathedral, gammafunk_temple_overflow_elements
D:10:     orc_0_dummy
Orc:1:    serial_shops, shop
Orc:2:    portal_ice_cave_entry_imps, uniq_rupert, uniq_maurice
IceCv:    ice_cave_small_giant

Action                   |  1- 3 |  4- 6 |  7- 9 | 10-12 || total
-------------------------+-------+-------+-------+-------++-------
Melee: Long sword        |   132 |   184 |   522 |   595 ||  1433
       Short sword       |       |       |     3 |       ||     3
Invok: Heroism           |       |       |     3 |     5 ||     8
       Finesse           |       |       |       |     1 ||     1
Evoke: Wand              |       |     1 |     2 |     2 ||     5
  Use: Potion            |       |     2 |       |     3 ||     5
       Scroll            |       |     8 |     9 |     4 ||    21
  Eat: Chunk             |     1 |     7 |    16 |    21 ||    45
